 Dungeon Crawl Stone Soup version 0.30-a0-634-g8abc85282e (webtiles) character file.

Game seed: 13144232068063897881

72 Dartaoz the Chopper (level 4, -3/40 HPs)
             Began as a Hill Orc Monk on Jan 14, 2023.
             Succumbed to a water moccasin's poison
             ... on level 3 of the Dungeon.
             The game lasted 00:04:32 (1899 turns).

Dartaoz the Chopper (Hill Orc Monk)                 Turns: 1899, Time: 00:04:33

Health: -3/40      AC:  3    Str: 21    XL:     4   Next: 25%
Magic:  4/4        EV: 12    Int: 10    God:
Gold:   144        SH:  0    Dex: 13    Spells: 3/3 levels left

rFire   . . .      SeeInvis .    a - +0 hand axe
rCold   + . .      Faith    .    (no shield)
rNeg    . . .      Spirit   .    g - +0 leather armour
rPois   .          Reflect  .    (no helmet)
rElec   .          Harm     .    (no cloak)
rCorr   .          Rampage  .    (no gloves)
Will    .....                    (no boots)
Stlth   ++                       (no amulet)
HPRegen 0.26/turn                i - +6 ring of strength
MPRegen 0.09/turn                j - ring of protection from cold

@: lethally poisoned (-3 -> -17)
A: no striking features
a: no special abilities


You were on level 3 of the Dungeon.
You visited 1 branch of the dungeon, and saw 3 of its levels.

You collected 144 gold pieces.

Inventory:

Hand Weapons
 a - a +0 hand axe (weapon)
Armour
 b - a +0 robe
 g - a +0 leather armour (worn)
Jewellery
 i - a +6 ring of strength (left hand)
 j - a ring of protection from cold (right hand)
Scrolls
 e - a scroll of enchant armour {unknown}
 f - 3 scrolls of identify {unknown}
 m - a scroll of silence {unknown}
 n - a scroll of magic mapping {unknown}
Potions
 c - a potion of ambrosia
 d - a potion of mutation {unknown}
 h - 2 potions of degeneration {unknown}
 k - 2 potions of flight {unknown}
 l - a potion of might {unknown}
 o - a potion of haste {unknown}
 p - 2 potions of curing {unknown}
 q - a potion of brilliance {unknown}


   Skills:
 + Level 4.1 Fighting
 + Level 5.7 Axes
 + Level 1.5 Armour
 - Level 2.4 Dodging
 - Level 1.5 Stealth


You had 3 spell levels left.
You didn't know any spells.
Your spell library contained the following spells:

 Spells                   Type           Power      Damage    Failure   Level
 Freeze                   Ice            0%         1d3       41%         1
 Frozen Ramparts          Ice            0%         1d1       78%         3
 Hailstorm                Conj/Ice       0%         3d3       78%         3


Dungeon Overview and Level Annotations

Branches:
Dungeon (3/15)

Altars:

Shops:
D:3 (

Annotations:
D:3 Sigmund


Message History

You are poisoned.
The water moccasin poisons you!
You hit the water moccasin but do no damage.
The water moccasin is lightly wounded.
You feel sick.
The water moccasin completely misses you.
The water moccasin bites you!
You barely miss the water moccasin.
The water moccasin is lightly wounded.
You feel sick. The water moccasin barely misses you.
You hit the water moccasin.
The water moccasin is moderately wounded.
You feel sick. The water moccasin closely misses you.
You miss the water moccasin.
The water moccasin is moderately wounded.
You feel sick. The water moccasin bites you.
The water moccasin completely misses you.
You are too injured to fight recklessly!
You are too injured to fight recklessly!
You are too injured to fight recklessly!
You barely miss the water moccasin.
The water moccasin is moderately wounded.
You feel sick. The water moccasin barely misses you.
You hit the water moccasin but do no damage.
The water moccasin is moderately wounded.
You feel sick. The water moccasin bites you.
* * * LOW HITPOINT WARNING * * *
The water moccasin bites you.
* * * LOW HITPOINT WARNING * * *
You are lethally poisoned!
The water moccasin poisons you!
You hit the water moccasin.
The water moccasin is moderately wounded.
* * * LOW HITPOINT WARNING * * *
You feel very sick. The water moccasin bites you.
* * * LOW HITPOINT WARNING * * *
You closely miss the water moccasin.
The water moccasin is moderately wounded.
You die...

...... ### ...... #
########....#######......
###........... ......>.....
..!.†...#####.##..#......
....###.......##..##...# #####
#.###....S..##...# ### #.#
#.....@∩.....# @...
#.###...###......##########
###'###.......# #..##..##........
#......####.).#.#..##..##........
#......'..#...#.#####'###........
#....†.##.##........<.# #........
#......##(##..#.#####.# #........
#......##.............# #........
#......##..#.#######..###........


You could see a water moccasin.

Vanquished Creatures
  2 adders
  2 worms
  4 bats
  3 endoplasms
  3 giant cockroaches
  7 hobgoblins
  4 kobolds
  A quokka (D:2)
  4 ball pythons
  4 frilled lizards
  7 goblins
  3 rats
44 creatures vanquished.

Notes
Turn   | Place    | Note
-------+----------+-------------------------------------------
     0 | D:1      | Dartaoz the Hill Orc Monk began the quest for the Orb.
     0 | D:1      | Reached XP level 1. HP: 19/19 MP: 1/1
    94 | D:1      | Found a faded altar of an unknown god.
   759 | D:2      | Reached XP level 2. HP: 7/26 MP: 2/2
   944 | D:2      | Reached skill level 5 in Axes
  1149 | D:2      | Reached XP level 3. HP: 27/33 MP: 3/3
  1468 | D:3      | Reached skill level 1 in Armour
  1575 | D:3      | Noticed Sigmund
  1788 | D:3      | Reached XP level 4. HP: 40/40 MP: 4/4
  1882 | D:3      | Found Myaneg Reg's Weapon Shoppe.
  1882 | D:3      | Noticed a water moccasin
  1898 | D:3      | HP: 2/40 [poisoned by a water moccasin]
  1899 | D:3      | Succumbed to a water moccasin's poison

Illustrated notes

Levels and vault maps discovered:
D:1:      dpeg_arrival_pits, layout_basic, serial_corexii_hall,
          corexii_hall_statues_i, corexii_hall_statues_l,
          corexii_hall_statues_i, chequers_hall_statues_y,
          corexii_hall_statues_x, corexii_hall_statues_i,
          shapermc_ecumenical_altar_flowoftime,
          wander_ebering_terrifying_dragon_lair
D:2:      layout_rooms, serial_corexii_hall, chequers_hall_statues_wall_a,
          corexii_hall_statues_s, kennysheep_generic_room_15
D:3:      layout_basic, serial_shops, nicolae_square_shop,
          minmay_goblin_outpost, uniq_sigmund

Skill      XL: |  1  2  3 |
---------------+----------+-----
Axes           | 5 |  5.7
Armour         | 1 |  1.5
Fighting       | 4 |  4.1
Dodging        | |  2.4
Stealth        | |  1.5

Action                   |  1- 3 |  4- 6 || total
-------------------------+-------+-------++-------
Melee: Hand axe          |   107 |    32 ||   139
       Punch             |     1 |       ||     1
 Stab: Sleeping          |     3 |     1 ||     4
Armor: Leather armour    |    44 |     5 ||    49
Dodge: Dodged            |   102 |    18 ||   120

Table legend: (Time is in decaauts)
 A = Elapsed time spent in this place.
 B = Non-inter-level travel time spent in this place.
 C = Inter-level travel time spent in this place.
 D = Time resting spent in this place.
 E = Time spent auto-exploring this place.
 F = Levels seen in this place.
 G = Mean time per level.
                   A        B        C        D        E       F      G
               +--------+--------+--------+--------+--------+-----+--------+
         Total |   1903 |   1809 |     94 |      0 |   1424 |   3 |  634.3 |
       Dungeon |   1903 |   1809 |     94 |      0 |   1424 |   3 |  634.3 |
               +--------+--------+--------+--------+--------+-----+--------+

Top non-repeatable levels by time:
     D:1: 748 daAuts
     D:2: 646 daAuts
     D:3: 508 daAuts
